 Dungeon Crawl Stone Soup version 0.28-a0-1404-g4df0f3684d (webtiles) character file.

Game seed: 12223661195605445363

100 flotson the Chopper (level 4, 0/34 HPs)
             Began as a Demonspawn Gladiator on Jan 5, 2022.
             Slain by Grinder (5 damage)
             ... on level 3 of the Dungeon.
             The game lasted 00:03:41 (2058 turns).

flotson the Chopper (Demonspawn Gladiator)          Turns: 2058, Time: 00:03:41

Health: 0/34       AC:  6    Str: 16    XL:     4   Next: 47%
Magic:  4/4        EV: 12    Int:  9    God:
Gold:   114        SH:  4    Dex: 15    Spells: 3/3 levels left

rFire   . . .      SeeInvis .   e - +0 trident
rCold   . . .      Faith    .   (no shield)
rNeg    . . .      Spirit   .   l - +0 ring mail
rPois   .          Reflect  .   c - +0 helmet
rElec   .          Harm     .   (no cloak)
rCorr   .          Rampage  .   (no gloves)
Will    .....                   (no boots)
Stlth   +.........              (no amulet)
HPRegen 0.11/turn               m - ring of flight
MPRegen 0.09/turn               (no ring)

@: flying
A: condensation shield, demonic touch 1
a: no special abilities


You were on level 3 of the Dungeon.
You visited 1 branch of the dungeon, and saw 3 of its levels.

You collected 114 gold pieces.

Inventory:

Hand Weapons
 a - a +0 war axe
 e - a +0 trident (weapon)
 j - a +0 morningstar
Missiles
 d - 3 throwing nets
 i - 14 poisoned darts (quivered)
 n - 4 silver boomerangs
Armour
 c - a +0 helmet (worn)
 l - a +0 ring mail (worn)
Jewellery
 m - a ring of flight (left hand)
Wands
 o - a wand of paralysis (5)
Scrolls
 b - 3 scrolls of identify {unknown}
 f - a scroll of teleportation {unknown}
 h - a scroll of amnesia {unknown}
Potions
 g - a potion of curing {unknown}
 k - a potion of degeneration {unknown}


   Skills:
 + Level 2.6 Fighting
 + Level 3.2 Axes
 + Level 2.5 Throwing
 + Level 1.3 Armour
 + Level 3.2 Dodging


You had 3 spell levels left.
You didn't know any spells.
Your spell library was empty.

Dungeon Overview and Level Annotations

Branches:
Dungeon (3/15)

Altars:
Cheibriados

Annotations:
D:2 Sigmund
D:3 Grinder


Innate Abilities, Weirdness & Mutations

A meltable shield of frost defends you. (SH +4)
Your touch may inflict minor irresistible damage on your foes.


Message History

Grinder shouts!
You puncture the endoplasm!
You kill the endoplasm!
A ball python comes into view.
The ball python hisses angrily.
A worm comes into view.
You see here an orb of wrath.
You hit Grinder but do no damage. Grinder closely misses you.
You puncture Grinder!
You touch Grinder.
Grinder is moderately wounded.
Grinder gestures at you. Pain shoots through your body! Grinder hits you.
You writhe in agony.
You hit Grinder but do no damage.
Grinder is moderately wounded.
Grinder hits you.
You hit Grinder but do no damage.
Grinder is moderately wounded.
Grinder hits you!
You writhe in agony.
* * * LOW HITPOINT WARNING * * *
You are too injured to fight recklessly!
You are too injured to fight recklessly!
You are too injured to fight recklessly!
You are too injured to fight recklessly!
Unknown command.
Unknown command.
Aiming: Paralyse
Press: ? - help, Shift-Dir - straight line, f - Grinder
Aim: Grinder (moderately wounded, chance to affect: 49%) Grinder resists with some effort.
Grinder completely misses you. The ball python bites you.
* * * LOW HITPOINT WARNING * * *
The ball python closely misses you.
Okay, then.
Okay, then.
Aiming: Paralyse
Press: ? - help, Shift-Dir - straight line, f/p - Grinder
Aim: Grinder (moderately wounded, chance to affect: 49%) Grinder resists with some effort.
The ball python misses you. The ball python barely misses you.
Grinder hits you.
You die...

.......... #.#......
... .#.................
.............!.......
#..#....#.#.#..#w....
#..#....#.#.#........
........#.#.#S5#..#..
?..#....#.#.#@.......
.................##..
.....................
#.#..#.###.......... .
#.#.#.......##....###.
..#.#.#.##.##.##......
..#.#.#.##.##.##....#..
....................###
#.#.....#####.##....#


You could see Grinder, a worm and a ball python.

Vanquished Creatures
  3 adders
  A worm (D:2)
  3 dart slugs (D:2)
  6 ball pythons
  8 endoplasms
  A giant cockroach (D:1)
  3 goblins
  4 hobgoblins (D:1)
  10 jackals
  5 kobolds (D:1)
  2 quokkas (D:1)
  7 bats
  4 frilled lizards
  4 rats
61 creatures vanquished.

Notes
Turn   | Place    | Note
-------+----------+-------------------------------------------
     0 | D:1      | flotson the Demonspawn Gladiator began the quest for the
                  | Orb.
     0 | D:1      | Reached XP level 1. HP: 16/16 MP: 1/1
   151 | D:1      | Gained mutation: Your touch may inflict minor irresistible
                  | damage on your foes. [demonic ancestry]
   151 | D:1      | Reached XP level 2. HP: 13/22 MP: 2/2
   845 | D:1      | Reached XP level 3. HP: 28/28 MP: 3/3
  1098 | D:1      | Reached skill level 1 in Armour
  1161 | D:2      | Found a snail-covered altar of Cheibriados.
  1417 | D:2      | Gained mutation: A meltable shield of frost defends you.
                  | (SH +4) [demonic ancestry]
  1417 | D:2      | Reached XP level 4. HP: 34/34 MP: 4/4
  1590 | D:2      | Noticed Sigmund
  2050 | D:3      | Noticed Grinder
  2058 | D:3      | Slain by Grinder

Illustrated notes

Levels and vault maps discovered:
D:1:      beargit_arrival_greenhouse, layout_basic
D:2:      layout_basic, basic_altar, uniq_sigmund
D:3:      layout_basic, gammafunk_ghost_gnarly_gnolls, grunt_ministairs_6,
          uniq_grinder, uniq_jessica

Skill      XL: |  1  2  3 |
---------------+----------+-----
Throwing       | 2 |  2.5
Axes           | 3 |  3.2
Armour         | 1 |  1.3
Dodging        | 3 |  3.2
Fighting       | |  2.6

Action                   |  1- 3 |  4- 6 || total
-------------------------+-------+-------++-------
Melee: War axe           |    20 |       ||    20
       Punch             |     3 |       ||     3
       Trident           |   104 |    47 ||   151
       Touch             |    18 |     8 ||    26
Throw: Dart              |       |     3 ||     3
Evoke: Wand              |       |     2 ||     2
 Stab: Distracted        |     1 |       ||     1
       Sleeping          |     1 |       ||     1
Armor: Leather armour    |    25 |       ||    25
       Ring mail         |    14 |    12 ||    26
Dodge: Dodged            |    87 |    20 ||   107
Block: Other             |       |     4 ||     4

Table legend: (Time is in decaauts)
 A = Elapsed time spent in this place.
 B = Non-inter-level travel time spent in this place.
 C = Inter-level travel time spent in this place.
 D = Time resting spent in this place.
 E = Time spent auto-exploring this place.
 F = Levels seen in this place.
 G = Mean time per level.
                   A        B        C        D        E       F      G
               +--------+--------+--------+--------+--------+-----+--------+
         Total |   2099 |   1895 |    204 |      0 |   1478 |   3 |  699.7 |
       Dungeon |   2099 |   1895 |    204 |      0 |   1478 |   3 |  699.7 |
               +--------+--------+--------+--------+--------+-----+--------+

Top non-repeatable levels by time:
     D:1: 1267 daAuts
     D:2: 728 daAuts
     D:3: 102 daAuts
